 Dungeon Crawl Stone Soup version 0.22-a0-110-g5b255cf (webtiles) character file.

2036 SnubMonkey the Archer (level 9, -1/71 HPs)
             Began as a Centaur Hunter on Jan 27, 2018.
             Was an Initiate of Trog.
             Slain by a killer bee (6 damage)
             ... on level 7 of the Dungeon.
             The game lasted 00:18:26 (6684 turns).

SnubMonkey the Archer (Centaur Hunter)              Turns: 6684, Time: 00:18:27

Health: -1/71      AC:  7    Str: 24    XL:     9   Next: 4%
Magic:  9/9        EV:  8    Int: 10    God:    Trog [......]
Gold:   394        SH:  3    Dex: 12    Spells: 8/8 levels left

rFire    . . .     SeeInvis .   b - +0 short sword
rCold    . . .     Gourm    .   (no shield)
rNeg     + . .     Faith    .   q - +0 scale mail
rPois    .         Spirit   .   (no helmet)
rElec    .         Reflect  +   (no cloak)
rCorr    .         Harm     .   I - +0 pair of gloves
MR       .....                  (no barding)
Stlth    ..........             x - +3 amulet of reflection
HPRegen  0.21/turn              v - +3 ring of dexterity
MPRegen  0.11/turn              H - ring of positive energy

@: mighty, lethally poisoned (-1 -> -10), very quick
A: large, hooves 3, deformed body, speed 2, tough skin 3
a: Burn Spellbooks, Renounce Religion


You were on level 7 of the Dungeon.
You worshipped Trog.
Trog was noncommittal.
You were not hungry.

You visited 1 branch of the dungeon, and saw 7 of its levels.
You also visited: Ossuary.

You collected 394 gold pieces.

Inventory:

Hand Weapons
 a - a +1 shortbow
 b - a +0 short sword (weapon)
 o - a +0 falchion
 E - a +0 quarterstaff
Missiles
 d - 32 arrows
Armour
 q - a +0 scale mail (worn)
 I - a +0 pair of gloves (worn)
Jewellery
 v - a +3 ring of dexterity (left hand)
 x - a +3 amulet of reflection (around neck)
 A - an uncursed amulet of the gourmand {unknown}
 H - a ring of positive energy (right hand)
 J - an uncursed amulet of regeneration {unknown}
Wands
 i - a wand of random effects (25)
 C - a wand of digging (14)
 F - a wand of acid (20)
Scrolls
 e - 2 scrolls of fog
 g - 12 scrolls of remove curse
 h - 2 scrolls of enchant armour
 n - 2 scrolls of enchant weapon
 p - 3 scrolls of teleportation
 s - a scroll of random uselessness {unknown}
 t - a scroll of amnesia {unknown}
 y - a scroll of noise {unknown}
 K - a scroll of immolation {unknown}
Potions
 c - a potion of cancellation {unknown}
 j - 6 potions of curing
 k - 4 potions of flight
 l - 2 potions of lignification
 m - 2 potions of resistance {unknown}
 r - 2 potions of might
 u - a potion of brilliance {unknown}
 w - 3 potions of invisibility
 B - 2 potions of mutation {unknown}
 D - a potion of degeneration {unknown}
Books
 z - a book of Debilitation

   Spells                             Type                      Level
   a - Corona                         Hexes                        1
   b - Slow                           Hexes                        2
   c - Inner Flame                    Hexes/Fire                   3
   d - Portal Projectile              Hexes/Translocation          3
   e - Cause Fear                     Hexes                        4
   f - Leda's Liquefaction            Hexes/Earth                  4
   Trog disapproves of the use of such an item.
Comestibles
 f - 14 rations
 G - 6 chunks of flesh


   Skills:
 + Level 4.3 Fighting
 * Level 2.8 Staves
 - Level 14.0 Bows
 + Level 0.6 Armour
 - Level 1.3 Dodging
 - Level 0.4 Stealth


You had 8 spell levels left.
You didn't know any spells.

Dungeon Overview and Level Annotations

Branches:
Dungeon (7/15)             Temple (0/1) D:6

Altars:
Dithmenos
Elyvilon
Gozag
Hepliaklqana
Makhleb
Nemelex Xobeh
Trog
Vehumet
Xom
Zin


Innate Abilities, Weirdness & Mutations

You have hooves in place of feet.
Armour fits poorly on your strangely shaped body.
You cover ground very quickly.
You have extremely tough skin. (AC +3)


Message History

You feel sick. The killer bee stings you.
* * * LOW HITPOINT WARNING * * *
You see here a killer bee corpse.
You feel sick. The killer bee stings you.
* * * LOW HITPOINT WARNING * * *
You are more poisoned.
The killer bee poisons you!
You feel sick.
You feel sick.
You feel sick. The killer bee stings you.
* * * LOW HITPOINT WARNING * * *
You feel sick.
You feel sick. The killer bee stings you.
* * * LOW HITPOINT WARNING * * *
There is a stone staircase leading up here.
* * * LOW HITPOINT WARNING * * *
You feel sick. The killer bee stings you.
* * * LOW HITPOINT WARNING * * *
The killer bee stings you.
You die...

..# #####.# ...#.#
############.#.#########
........................
........................
....#...#.#.#.########.
. #.###.#.#†#####y...
#.@y.Y.roio.i(iy...
#.#####.#######o...
#..................
#######.#...###....
..#...# #.... ### ..#
#..oo ......... ####....
#....


You could see an orc warrior, a sky beast, a spriggan baker, a killer bee and a
quokka.

Vanquished Creatures
  Grinder (D:5)
  Eustachio (D:4)
  Edmund (D:4)
  A sky beast (D:6)
  An ice beast (D:6)
  A black bear (D:6)
  3 ogres
  A phantom (D:6)
  A centaur (D:7)
  2 elf zombies (Ossuary)
  A scorpion (D:5)
  A killer bee (D:7)
  2 crimson imps
  A centaur zombie (Ossuary)
  2 hounds
  3 orc wizards
  6 worker ants
  A killer bee zombie (D:6)
  3 big kobold zombies (Ossuary)
  A howler monkey zombie (D:5)
  2 mummies (Ossuary)
  A worker ant zombie (D:6)
  4 adders
  2 shadow imps (D:5)
  An adder zombie (Ossuary)
  A worm (D:3)
  A leopard gecko (D:2)
  9 orcs
  3 giant cockroaches
  8 goblins
  11 hobgoblins
  3 jackals (D:2)
  6 kobolds
  A quokka (D:6)
  17 bats
  3 frilled lizards
  3 goblin zombies (Ossuary)
  9 hobgoblin zombies (Ossuary)
  A jackal zombie (Ossuary)
  8 kobold zombies (Ossuary)
  8 orc zombies (Ossuary)
  A quokka skeleton (D:4)
  8 rats
145 creatures vanquished.

Vanquished Creatures (others)
  8 fungi (D:6)
8 creatures vanquished.

Grand Total: 153 creatures vanquished

Notes
Turn   | Place    | Note
-------+----------+-------------------------------------------
     0 | D:1      | SnubMonkey the Centaur Hunter began the quest for the Orb.
     0 | D:1      | Reached XP level 1. HP: 17/17 MP: 1/1
   111 | D:1      | Reached XP level 2. HP: 24/24 MP: 2/2
   125 | D:1      | Reached skill level 6 in Bows
   810 | D:2      | Reached XP level 3. HP: 29/29 MP: 3/3
  1057 | D:2      | Reached skill level 7 in Bows
  1534 | D:3      | Found an opulent altar of Gozag.
  1873 | D:3      | Found a faded altar of an unknown god.
  1873 | D:3      | Found a hazy altar of Hepliaklqana.
  1878 | D:3      | Found a radiant altar of Vehumet.
  1880 | D:3      | Found a faded altar of an unknown god.
  1882 | D:3      | Found a shimmering altar of Xom.
  1961 | D:3      | Reached XP level 4. HP: 36/36 MP: 4/4
  2208 | D:3      | Found a white marble altar of Elyvilon.
  2331 | D:4      | Noticed an ogre
  2357 | D:4      | Killed an ogre
  2357 | D:4      | Reached skill level 8 in Bows
  2357 | D:4      | Reached XP level 5. HP: 41/41 MP: 5/5
  2399 | D:4      | Noticed Eustachio
  2470 | D:4      | Killed Eustachio
  2470 | D:4      | Reached skill level 9 in Bows
  2470 | D:4      | Reached XP level 6. HP: 8/48 MP: 6/6
  2474 | D:4      | Reached skill level 10 in Bows
  2884 | D:4      | Noticed Edmund
  2970 | D:4      | Killed Edmund
  3232 | D:4      | Reached XP level 7. HP: 52/55 MP: 7/7
  3286 | D:4      | Reached skill level 11 in Bows
  3344 | D:4      | Found a shadowy altar of Dithmenos.
  3600 | D:5      | Entered Level 5 of the Dungeon
  3822 | D:5      | Noticed a blizzard demon
  3823 | D:5      | Found a burning altar of Makhleb.
  3827 | D:5      | Found a glowing silver altar of Zin.
  3827 | D:5      | Noticed an angel
  3885 | D:5      | Reached skill level 12 in Bows
  4179 | D:5      | Found a sand-covered staircase.
  4184 | Ossuary  | Entered an ossuary
  4698 | Ossuary  | Reached XP level 8. HP: 25/61 MP: 8/8
  5022 | D:5      | Noticed Grinder
  5055 | D:5      | Killed Grinder
  5055 | D:5      | Reached skill level 13 in Bows
  5165 | D:5      | Found a bloodstained altar of Trog.
  5410 | D:5      | Became a worshipper of Trog the Wrathful
  5429 | D:6      | Found a sparkling altar of Nemelex Xobeh.
  5817 | D:6      | Found a staircase to the Ecumenical Temple.
  5987 | D:6      | Reached skill level 14 in Bows
  6055 | D:6      | Reached skill level 1 in Staves
  6640 | D:7      | Reached XP level 9. HP: 71/71 MP: 9/9
  6684 | D:7      | Slain by a killer bee

Vault maps used:
D:1:      scummos_arrival_gate, minmay_heptomino_w4
D:3:      marbit_many_paths, lemuel_doored_altar,
          chequers_temple_overflow_minitemple
D:4:      lemuel_round_altar, first_ration, grunt_decor_fettered,
          uniq_eustachio, uniq_edmund
D:5:      grunt_temple_overflow_order_and_chaos_2,
          nicolae_overflow_crystal_walls, enter_ossuary_5,
          mrwooster_statue_mirror, hangedman_decor_push,
          kennysheep_small_square, uniq_grinder
D:6:      nemelex_xobeh_ov_fountains_minmay, minmay_temple_entry_steel_oval,
          serial_aquarium, aquarium_bridge_square, aquarium_bridge_straight,
          aquarium_window_corridor_3, aquarium_window_1, aquarium_window_2,
          aquarium_view_2b, aquarium_balcony_1a, grunt_ministairs_11,
          roderic_batcave
D:7:      the_bakery, centaur_isle
Ossuary:  ossuary_tomb_1

Skill      XL: |  1  2  3  4  5  6  7  8 |
---------------+-------------------------+-----
Bows           | 6 7 8 9 10 12 14 | 14.0
Fighting       | 4 |  4.3
Staves         | 2 |  2.8
Armour         | |  0.6
Dodging        | |  1.3
Stealth        | |  0.4

Action                   |  1- 3 |  4- 6 |  7- 9 || total
-------------------------+-------+-------+-------++-------
Melee: Short sword       |       |    19 |   187 ||   206
       Kick              |       |     4 |    59 ||    63
 Fire: Shortbow          |   138 |    91 |   216 ||   445
Evoke: Wand              |       |       |     1 ||     1
  Use: Scroll            |     1 |     7 |     4 ||    12
       Potion            |       |     1 |     6 ||     7
  Eat: Chunk             |     1 |     4 |     5 ||    10
       Ration            |       |       |     1 ||     1
Armor: Leather armour    |     7 |     2 |       ||     9
       Scale mail        |       |    17 |   135 ||   152
Dodge: Dodged            |    22 |    13 |    92 ||   127
Block: Other             |       |     3 |    31 ||    34
       Reflection        |       |       |     1 ||     1

Table legend:
 A = Spawn XP
 B = Non-spawn XP
 C = Spawn XP percentage of total XP
 D = Spawn monster count
 E = Non-spawn monster count
 F = Spawn count percentage of total count
 G = Total turns spent on level
                    A         B        C        D         E        F      G
               +---------+---------+-------+---------+---------+-------+---------
         Total |       0 |    2909 |   0.0 |       0 |     145 |   0.0 |  6684
               +---------+---------+-------+---------+---------+-------+---------
           D:1 |       0 |      35 |   0.0 |       0 |      22 |   0.0 |   726
           D:2 |       0 |      45 |   0.0 |       0 |      20 |   0.0 |   761
           D:3 |       0 |      28 |   0.0 |       0 |       8 |   0.0 |   816
           D:4 |       0 |     754 |   0.0 |       0 |      19 |   0.0 |  1297
           D:5 |       0 |     538 |   0.0 |       0 |       9 |   0.0 |  1031
           D:6 |       0 |     853 |   0.0 |       0 |      23 |   0.0 |  1082
           D:7 |       0 |     277 |   0.0 |       0 |       6 |   0.0 |   173
       Ossuary |       0 |     379 |   0.0 |       0 |      38 |   0.0 |   798
               +---------+---------+-------+---------+---------+-------+---------
